cohdb
Replays
Latest Replays
All Replays
Popular Replays
Top Player Replays
Match Explorer
How It Works
Community
CoH3 Stats
Reddit
Sign in to upload your games and track your stats! →
Sign in with Steam
Match 41537556
Unlisted
Match 41537556
Overview
Messages
Build Orders
End
Scout Squad
Construct Barracks
Selects Airborne Battlegroup
Selects Airborne Battlegroup
Riflemen Squad
Riflemen Squad
Riflemen Squad
Construct Medical Station
Selects Pathfinders
Infantry Support Center
Construct Motor Pool
M8 Greyhound Armored Car
DexN
.:PSG:. RedxWings
0
0
Comments
sign in to comment!
No comments posted yet!